 Dungeon Crawl Stone Soup version 0.18-b1-16-g289874d (webtiles) character file.

237 Kiel97 the Poker (level 5, -1/41 HPs)
             Began as a Centaur Warper on May 1, 2016.
             Succumbed to a scorpion's poison
             ... on level 3 of the Dungeon.
             The game lasted 00:07:25 (5414 turns).

Kiel97 the Poker (Centaur Warper)                   Turns: 5414, Time: 00:07:25

Health: -1/41      AC:  4    Str: 15    XL:     5   Next: 77%
Magic:  7/7        EV:  9    Int: 12    God:
Gold:   117        SH:  0    Dex:  8    Spells: 1 memorised, 6 levels left

rFire  . . .     SeeInvis .     a - +0 spear (pierce)
rCold  . . .     Gourm    .     i - +0 leather armour (curse)
rNeg   . . .     Faith    .     (no shield)
rPois  .         Spirit   .     (no helmet)
rElec  .         Dismiss  .     (no cloak)
rCorr  .         Reflect  .     (no gloves)
SustAt .         Harm     .     (no barding)
MR     .....                    (no amulet)
Stlth  ..........               (no ring)
                                (no ring)

@: lethally poisoned (-1 -> -23), very quick, not resistant to hostile
enchantments, extremely unstealthy
A: hooves 3, deformed body, speed 2, tough skin 3
a: no special abilities


You were on level 3 of the Dungeon.
You were hungry.

You visited 1 branch of the dungeon, and saw 4 of its levels.

You collected 117 gold pieces.

Inventory:

Hand Weapons
 a - a +0 spear of piercing (weapon)
Missiles
 e - 5 tomahawks of dispersal
 s - 5 tomahawks (quivered)
 t - 19 arrows
Armour
 i - a cursed +0 leather armour (worn)
Scrolls
 b - 4 scrolls of remove curse {unknown}
 d - 3 scrolls of blinking
 j - 2 scrolls of identify {unknown}
 k - a scroll of recharging {unknown}
 m - 2 scrolls of fear {unknown}
 n - a scroll of immolation {unknown}
 u - a scroll of magic mapping {unknown}
 w - a scroll of enchant weapon {unknown}
Potions
 g - 2 potions of curing {unknown}
 h - 2 potions of flight {unknown}
 l - a potion of berserk rage
 p - 2 potions of haste {unknown}
 q - 2 potions of degeneration {unknown}
 r - a potion of brilliance {unknown}
 x - a potion of resistance {unknown}
Books
 c - a book of Spatial Translocations

   Spells                             Type                      Level
   a - Apportation                    Translocation                1
   b - Blink                          Translocation                2
   c - Shroud of Golubria             Charms/Translocation         2
   d - Portal Projectile              Translocation                3
   e - Teleport Other                 Translocation                3
   f - Passage of Golubria            Translocation                4
Comestibles
 f - 4 bread rations
 o - a beef jerky


   Skills:
 - Level 2.0 Fighting
 + Level 5.6 Polearms
 - Level 1.1 Throwing
 - Level 0.6 Armour
 - Level 1.3 Dodging
 - Level 1.5 Spellcasting
 - Level 2.6 Translocations


You had 6 spell levels left.
You knew the following spells:

 Your Spells              Type           Power        Failure   Level  Hunger
a - Apportation           Tloc           #.........   12%         1    ##.....


Dungeon Overview and Level Annotations

Branches:
Dungeon (4/15)
 Temple: D:4-7

Altars:
Ashenzari
Qazlal
Xom

Annotations:
D:3 volde25's ghost, amateur DrTm


Innate Abilities, Weirdness & Mutations

You have hooves in place of feet.
Armour fits poorly on your strangely shaped body.
You cover ground very quickly.
You have extremely tough skin (AC +3).


Message History

You feel sick.
You closely miss the scorpion.
The scorpion is severely wounded.
You feel sick. The scorpion stings you.
* * * LOW HITPOINT WARNING * * *
You are more poisoned.
The scorpion poisons you!
You hit the scorpion but do no damage. Your kick misses the scorpion.
The scorpion is severely wounded.
* * * LOW HITPOINT WARNING * * *
You feel sick. The scorpion stings you.
* * * LOW HITPOINT WARNING * * *
You barely miss the scorpion. Your kick misses the scorpion.
The scorpion is severely wounded.
* * * LOW HITPOINT WARNING * * *
You feel sick. The scorpion stings you.
* * * LOW HITPOINT WARNING * * *
You hit the scorpion.
The scorpion is almost dead.
You die...

###.####.#######.#.##.# #.# #.#
#.#.##.###### #.# #.#
#.#.#.......#### #.####.#
#.#.#..........### #......#
#.#.#............. ########
#.#.#..........###
#.#.#.......#### #.#.#.......#
#@#.##'###### #s#.##.#
################.#.##.# ######
...................##.######W....
#............###...##>)........##
#............()..<...)..........#
#............###...#########.#.<#
#....##.##...# #...# #.#..#
#....#...#...########## #.#...


You could see a scorpion.

Vanquished Creatures
  A hound (D:3)
  A worker ant (D:4)
  3 gnolls (D:3)
  5 adders
  4 worms
  A dart slug (D:2)
  2 giant geckos
  8 orcs
  A ball python (D:3)
  8 giant cockroaches
  5 goblins
  9 hobgoblins
  11 jackals
  5 kobolds
  2 quokkas
  7 bats
  4 giant newts
  5 rats
82 creatures vanquished.

Notes
Turn   | Place    | Note
--------------------------------------------------------------
     0 | D:1      | Kiel97 the Centaur Warper began the quest for the Orb.
     0 | D:1      | Reached XP level 1. HP: 17/17 MP: 3/3
   155 | D:1      | Reached skill level 2 in Polearms
   390 | D:1      | Reached XP level 2. HP: 21/24 MP: 4/4
   854 | D:1      | Reached skill level 3 in Polearms
  1014 | D:2      | Reached XP level 3. HP: 18/29 MP: 5/5
  1410 | D:2      | Found a shimmering altar of Xom.
  1894 | D:3      | Reached skill level 4 in Polearms
  1894 | D:3      | Reached XP level 4. HP: 24/36 MP: 6/6
  3153 | D:3      | Noticed volde25's ghost (amateur DrTm)
  3785 | D:2      | Reached XP level 5. HP: 23/41 MP: 7/7
  4014 | D:3      | Found a shattered altar of Ashenzari.
  4261 | D:3      | Reached skill level 5 in Polearms
  4423 | D:3      | Found a stormy altar of Qazlal.
  5413 | D:3      | HP: 1/41 [scorpion (2)]
  5414 | D:3      | Succumbed to a scorpion's poison

Skill      XL: |  1  2  3  4  5 |
---------------+----------------+-----
Polearms       | 2 3 4 5 |  5.6
Fighting       | |  2.0
Throwing       | |  1.1
Armour         | |  0.6
Dodging        | |  1.3
Spellcasting   | |  1.5
Translocations | |  2.6

Action                   |  1- 3 |  4- 6 || total
-------------------------+-------+-------++-------
Melee: Spear             |   184 |   250 ||   434
       Kick              |    30 |    30 ||    60
Throw: Tomahawk          |       |     1 ||     1
  Use: Potion            |       |     1 ||     1
  Eat: Chunk             |     2 |    11 ||    13
Armor: Leather armour    |    66 |    50 ||   116
Dodge: Dodged            |    71 |    67 ||   138
